AoeStats
← ING.PATRICK

African Clearing

503949869Analyzed
4v4 RM · 1mo ago on Sep 3, 2026· 51m 47s· 8 players
Game mode
Random Map
Map size
Large (8 player)
Population
200
Speed
Normal
Resources
Standard
Victory
Conquest
Starting age
Dark Age
Ending age
Imperial Age
RankedLock teamsTeams togetherTeam positionsShared explorationLock speedFull tech treeHidden civsTurbo modeCheats
Victory
Defeat
🇨🇳 Slavs · China
1339
+23
🇺🇸 Cumans · United States
1288
+13
🇨🇳 Berbers · China
1273
+14
🇺🇸 Mongols · United States
1271
+15
🇵🇪 Lithuanians · Peru
1494
-23
🇪🇨 Huns · Ecuador
1285
-15
🇲🇽 Magyars · Mexico
1095
-8
🇲🇽 Franks · Mexico
1058
-7
santi_rmz
3:32 Loom
13:54 Feudal Age
14:49 Double-Bit Axe
15:57 Scale Barding Armor
16:20 Bloodlines
16:53 Forging
19:08 Wheelbarrow
19:02 Fletching
20:57 Town Watch
21:24 Scale Mail Armor
29:53 Castle Age
33:39 Castle Age
32:06 Gold Mining
32:08 Stone Mining
32:12 Horse Collar
34:38 Bow Saw
38:26 Bodkin Arrow
39:48 Heavy Plow
40:06 Padded Archer Armor
43:42 Leather Archer Armor
45:22 Gold Shaft Mining
45:25 Stone Shaft Mining
45:22 Hand Cart
45:56 Coinage
46:44 Ballistics
46:20 Murder Holes
46:36 Masonry
47:31 Chain Mail Armor
47:20 Elite Skirmisher
51:03 Imperial Age
49:24 Nomads
49:24 Guard Tower
49:53 Thumb Ring
51:46 Bracer
52:47 Chemistry
"Real Friendly" new player
5:45 Loom
12:56 Feudal Age
13:43 Double-Bit Axe
14:57 Horse Collar
23:06 Gold Mining
25:34 Castle Age
24:12 Scale Barding Armor
24:18 Forging
25:15 Wheelbarrow
25:02 Bloodlines
29:13 Gold Shaft Mining
29:35 Iron Casting
30:26 Chain Barding Armor
34:49 Hand Cart
34:46 Heavy Plow
34:57 Bow Saw
38:45 Imperial Age
38:48 Cavalier
40:04 Plate Barding Armor
40:30 Blast Furnace
40:02 Conscription
41:31 Paladin
46:10 Coinage
48:13 Banking
48:19 Cuman Mercenaries
super HYW
6:01 Loom
14:41 Feudal Age
16:00 Double-Bit Axe
19:18 Castle Age
25:24 Scale Mail Armor
26:57 Town Watch
27:50 Wheelbarrow
34:17 Imperial Age
32:12 Detinets
32:35 Bow Saw
33:43 Fletching
34:53 Pikeman
36:39 Halberdier
38:29 Hand Cart
39:03 Conscription
39:39 Chain Mail Armor
40:27 Druzhina
41:38 Squires
41:53 Elite Boyar
42:59 Bodkin Arrow
44:02 Plate Mail Armor
43:43 Forging
46:21 Iron Casting
46:30 Scale Barding Armor
47:15 Town Patrol
48:41 Blast Furnace
48:06 Chain Barding Armor
49:56 Gold Mining
49:56 Stone Mining
51:02 Plate Barding Armor
51:39 Man-at-Arms
TenthCandy6011
5:52 Loom
13:22 Feudal Age
16:20 Forging
16:17 Scale Barding Armor
22:53 Castle Age
21:00 Stone Mining
21:01 Gold Mining
23:41 Double-Bit Axe
24:04 Fletching
26:51 Ballistics
28:33 Bow Saw
28:19 Horse Collar
30:37 Wheelbarrow
30:08 Bodkin Arrow
31:00 Husbandry
32:27 Hand Cart
33:32 Heavy Plow
34:27 Gold Shaft Mining
34:31 Stone Shaft Mining
34:18 Padded Archer Armor
34:38 Chain Barding Armor
34:30 Bloodlines
40:16 Imperial Age
38:12 Light Cavalry
39:51 Iron Casting
40:01 Leather Archer Armor
41:11 Bracer
42:02 Hussar
43:15 Ring Archer Armor
43:46 Blast Furnace
43:21 Plate Barding Armor
43:16 Conscription
42:17 Elite Camel Archer
45:56 Town Watch
47:35 Maghrebi Camels
48:54 Thumb Ring
52:10 Crop Rotation
51:44 Town Patrol
51:50 Scale Mail Armor
51:13 Elite Genitour
51:56 Kasbah
52:33 Hoardings
Chaviux
11:48 Feudal Age
13:05 Loom
17:44 Double-Bit Axe
25:00 Castle Age
25:46 Stone Mining
31:58 Scale Mail Armor
32:08 Forging
33:30 Elite Skirmisher
34:46 Padded Archer Armor
34:36 Fletching
40:05 Bow Saw
41:59 Wheelbarrow
41:50 Man-at-Arms
42:41 Long Swordsman
43:39 Chain Mail Armor
43:59 Iron Casting
TERRES300
9:51 Loom
14:25 Feudal Age
15:10 Double-Bit Axe
19:15 Bloodlines
19:51 Scale Barding Armor
24:28 Castle Age
22:31 Horse Collar
24:33 Light Cavalry
32:09 Husbandry
40:08 Chain Barding Armor
40:57 Gold Mining
41:47 Stone Mining
42:04 Heavy Plow
43:38 Bow Saw
43:18 Crossbowman
45:55 Wheelbarrow
46:01 Town Watch
48:32 Padded Archer Armor
48:23 Fletching
49:27 Thumb Ring
50:03 Leather Archer Armor
49:44 Bodkin Arrow
51:06 Hand Cart
MANITAS DE TEMU
6:30 Loom
12:38 Feudal Age
13:48 Double-Bit Axe
17:17 Forging
17:12 Scale Barding Armor
23:47 Castle Age
21:33 Horse Collar
22:36 Bloodlines
23:46 Fletching
23:56 Padded Archer Armor
25:00 Thumb Ring
24:59 Bodkin Arrow
25:33 Gold Mining
34:46 Leather Archer Armor
34:34 Husbandry
36:09 Wheelbarrow
35:19 Town Watch
35:52 Heavy Plow
37:35 Ballistics
39:04 Hand Cart
42:51 Imperial Age
40:40 Town Patrol
42:03 Pikeman
42:44 Squires
42:29 Arson
43:23 Iron Casting
42:51 Scale Mail Armor
42:58 Halberdier
44:06 Parthian Tactics
44:47 Chemistry
43:54 Bracer
45:59 Heavy Cavalry Archer
47:49 Chain Mail Armor
49:12 Conscription
ING.PATRICK
14:06 Feudal Age
14:54 Double-Bit Axe
17:47 Castle Age
17:57 Loom
26:04 Pikeman
27:28 Scale Mail Armor
27:35 Town Watch
29:11 Chain Mail Armor
29:56 Fletching
31:52 Elite Skirmisher
32:29 Bodkin Arrow
33:01 Padded Archer Armor
35:27 Leather Archer Armor
36:02 Ballistics
36:40 Squires
37:53 Wheelbarrow
41:28 Imperial Age
39:16 Horse Collar
40:08 Scale Barding Armor
42:15 Chain Barding Armor
42:07 Bloodlines
41:57 Husbandry
42:32 Conscription
41:35 Halberdier
44:17 Plate Barding Armor
45:15 Forging
Connection lost

Rejoining the realm…

Still unreachable

The connection could not be restored.

Session expired

The server has moved on; the page needs a fresh start.